 Dungeon Crawl Stone Soup version 0.21-a0-496-g696f58f537 (webtiles) character file.

78922 Kaname the Destroyer (level 15, 0/159 HPs)
             Began as a Demonspawn Venom Mage on Nov 23, 2017.
             Was the Champion of Vehumet.
             Succumbed to a glaive of venom's poison
             ... on level 1 of the Elven Halls.
             The game lasted 02:15:34 (23708 turns).

Kaname the Destroyer (Demonspawn Venom Mage)       Turns: 23708, Time: 02:15:35

Health: 0/159      AC: 12    Str: 18    XL:     15   Next: 19%
Magic:  27/27      EV: 12    Int: 21    God:    Vehumet [******]
Gold:   319        SH:  5    Dex: 17    Spells: 1/31 levels left

rFire    . . .     SeeInvis +   O - +7 rapier of Yvuabbon {venom, Str+3 Dex+3}
rCold    + . .     Gourm    .   t - +0 buckler
rNeg     + . .     Faith    +   C - +0 troll leather armour
rPois    .         Spirit   .   J - +1 helmet {SInv}
rElec    .         Reflect  .   e - +2 cloak
rCorr    .         Harm     .   (gloves unavailable)
MR       +....                  D - +2 pair of boots {Fly}
Stlth    ..........             x - amulet of faith
HPRegen  0.76/turn              b - ring of protection from cold
MPRegen  0.20/turn              v - ring of positive energy

@: berserking, lethally poisoned (0 -> -29), flying, very quick
A: claws 3, demonic guardian 1, spiny 3, sturdy frame 2
a: Renounce Religion, Stop Flying


You were on level 1 of the Elven Halls.
You worshipped Vehumet.
Vehumet was exalted by your worship.
You were not hungry.

You visited 4 branches of the dungeon, and saw 21 of its levels.
You also visited: Sewer and Ossuary.

You collected 2103 gold pieces.
You spent 1784 gold pieces at shops.

Inventory:

Hand Weapons
 O - the +7 rapier of Yvuabbon (weapon) {venom, Str+3 Dex+3}
   (You bought it in a shop on level 2 of the Orcish Mines)

   It poisons the flesh of those it strikes.
   It affects your strength (+3).
   It affects your dexterity (+3).
Missiles
 l - 3 throwing nets (quivered)
Armour
 e - a +2 cloak (worn)
 s - a +2 chain mail of poison resistance
 t - a +0 buckler (worn)
 y - a +0 plate armour of cold resistance
 C - a +0 troll leather armour (worn)
 D - a +2 pair of boots of flying (worn)
 J - a +1 helmet of see invisible (worn)
Jewellery
 a - a +3 amulet of reflection
 b - a ring of protection from cold (left claw)
 v - a ring of positive energy (right claw)
 x - an amulet of faith (around neck)
Wands
 c - a wand of digging (16)
 n - a wand of polymorph (5)
 F - a wand of clouds (5)
 I - a wand of enslavement (9)
Scrolls
 g - 5 scrolls of teleportation
 j - 10 scrolls of remove curse
 q - 8 scrolls of enchant weapon
 z - a scroll of fear
 A - 2 scrolls of identify
 K - 2 scrolls of enchant armour
 M - a scroll of magic mapping
Potions
 d - 8 potions of heal wounds
 f - 4 potions of haste
 i - 5 potions of brilliance
 k - 2 potions of cancellation
 m - 6 potions of flight
 o - 8 potions of lignification
 r - 2 potions of invisibility
 u - 7 potions of curing
 B - 3 potions of ambrosia
 E - 4 potions of agility
 H - a potion of might
 N - a potion of magic
 P - a potion of resistance
 T - a potion of mutation
Books
 p - a book of Misfortune

   Spells                             Type                      Level
   a - Confusing Touch                Hexes                        1
   b - Confuse                        Hexes                        3
   c - Gell's Gravitas                Translocation                3
   d - Petrify                        Transmutation/Earth          4
   e - Metabolic Englaciation         Hexes/Ice                    5
   f - Yara's Violent Unravelling     Hexes/Transmutation          5
 L - a book of Enchantments

   Spells                             Type                      Level
   a - Cause Fear                     Hexes                        4
   b - Yara's Violent Unravelling     Hexes/Transmutation          5
   c - Silence                        Hexes/Air                    5
   d - Deflect Missiles               Charms/Air                   6
   e - Discord                        Hexes                        8
 Q - Miyqikhe's Grimoire of Warped Necromancy
   (You found it on level 4 of the Lair of Beasts)

   Spells                             Type                      Level
   a - Pain                           Necromancy                   1
   b - Sublimation of Blood           Necromancy                   2
   c - Control Undead                 Necromancy                   4
   d - Dispel Undead                  Necromancy                   5
   e - Controlled Blink               Translocation                8
 R - a book of the Sky

   Spells                             Type                      Level
   a - Summon Lightning Spire         Summoning/Air                4
   b - Silence                        Hexes/Air                    5
   c - Deflect Missiles               Charms/Air                   6
   d - Conjure Ball Lightning         Conjuration/Air              6
   e - Tornado                        Air                          9
Comestibles
 h - 18 meat rations
 G - 14 royal jellies


   Skills:
 - Level 6.3 Fighting
 + Level 9.7 Short Blades
 - Level 1.7 Dodging
 - Level 9.2 Stealth
 - Level 4.0 Shields
 * Level 8.6 Spellcasting
 - Level 14.0 Conjurations
 - Level 7.4 Summonings
 - Level 6.0 Ice Magic
 - Level 8.0 Air Magic
 - Level 8.2 Poison Magic


You had one spell level left.
You knew the following spells:

 Your Spells              Type           Power        Failure   Level  Hunger
a - Lightning Bolt        Conj/Air       ######....   1%          5    #####..
b - Conjure Ball Lightni  Conj/Air       ######....   3%          6    ######.
c - Poison Arrow          Conj/Pois      ######....   3%          6    ######.
e - Freezing Cloud        Conj/Ice/Air   #####.....   7%          6    ######.
f - Spellforged Servitor  Conj/Summ      ######....   19%         7    #######


Dungeon Overview and Level Annotations

Branches:
Dungeon (12/15)            Temple (0/1) D:6            Lair (6/6) D:9
 Shoals (0/4) Lair:2       Spider (0/4) Lair:4        Slime (0/5) Lair:6
    Orc (2/2) D:12            Elf (1/3) Orc:2

Altars:
Dithmenos
Elyvilon
Fedhas
Hepliaklqana
Kikubaaqudgha
Makhleb
Okawaru
Sif Muna
Trog
Vehumet
Wu Jian
Xom
Yredelemnul
The Shining One
Beogh

Shops:
D:9 %   D:11 :   D:12 (   Orc:2 ?(!:

Portals:
Hell: Lair:6
Pandemonium: Orc:2

Annotations:
D:10 Urug


Innate Abilities, Weirdness & Mutations

You have claws for hands.
A weak demonic guardian rushes to your aid.
You are completely covered in sharp spines.
Your movements are less encumbered by armour. (ER -4)


Message History

Your quasit completely misses the glaive of venom.
Your quasit barely misses the glaive of venom.
Unknown command.
You hit the glaive of venom but do no damage.
The glaive of venom is moderately damaged.
* * * LOW HITPOINT WARNING * * *
You feel sick. You block the glaive of venom's attack.
Unknown command.
Unknown command.
You puncture the glaive of venom!
The glaive of venom is heavily damaged.
* * * LOW HITPOINT WARNING * * *
You feel very sick.
Your quasit barely misses the glaive of venom.
Your quasit closely misses the glaive of venom.
Your quasit barely misses the glaive of venom.
Unknown command.
You hit the glaive of venom but do no damage.
The glaive of venom is heavily damaged.
You die...

###.##.# ##...#...
####.#.# ##.....#.#.#
#...#..# ##............
#...##.###).....#.#.#.#.
#...#..(('.............
.......###†....#.#.#.#.
###.....###...)........
# #.....# ##..#.#.#.#.#.
###.....# #....@(......
....##### #.#.#5#.#.#.#
#...# ##........ #...#
#.#.#.#.#.# #...#
##..... .... ##.##
..#.#.# #.# #.# .. ..
##.# #.. #.# ...######.


You could see a glaive of venom and a friendly quasit.

Vanquished Creatures
  Azrael (Elf:1)
  5 hydras
  3 two-headed ogres
  A dancing weapon (Elf:1)
  13 death yaks
  6 orc high priests (Orc:2)
  A deep elf knight (Elf:1)
  A sixfirhy (Lair:6)
  An infernal demonspawn (Orc:2)
  2 torturous demonspawn (Orc:2)
  A wizard (Lair:6)
  5 orc knights (Orc:2)
  5 deep elf magi
  7 orc sorcerers (Orc:2)
  3 oklob plants
  2 manticores (D:12)
  The ghost of NihilVerum the Firebug, a novice OgFE of Vehumet (Ossuary)
  A cyclops (D:11)
  2 black mambas
  9 elephants (Lair:5)
  Maurice (D:9)
  2 merfolk sirens (Lair:2)
  10 spiny frogs
  3 orange demons (Lair:6)
  A rust devil (Orc:2)
  A smoke demon (Lair:6)
  A centaur skeleton (D:11)
  2 gargoyles
  3 rime drakes (Lair:6)
  2 ice devils (Lair:6)
  7 komodo dragons
  A demonic crawler (Lair:4)
  2 hellwings (Orc:2)
  2 merfolk (Lair:2)
  2 polar bears
  7 trolls
  7 hippogriffs
  14 blink frogs
  9 dream sheep
  A shadow (D:11)
  23 yaks
  2 vampires
  A wraith (D:10)
  3 fire elementals (Elf:1)
  3 basilisks
  7 hogs
  4 wyverns
  4 humans (D:11)
  The ghost of Banto the Cutter, an amateur DsSk of Okawaru (Sewer)
  A warg (Orc:2)
  3 soldier ants
  11 water moccasins
  2 porcupines
  7 hell hounds
  An ice beast (D:6)
  A black bear (D:11)
  A sky beast (D:9)
  An eye of draining (D:11)
  A hornet zombie (D:7)
  26 orc warriors
  3 phantoms
  13 ogres
  6 wolves
  3 centaurs
  19 crocodiles
  20 bullfrogs
  3 big kobolds
  7 scorpions
  12 wights
  2 electric eels (D:8)
  2 vampire bats (Orc:2)
  8 howler monkeys
  2 crimson imps
  A centaur zombie (Ossuary)
  A bullfrog zombie (D:12)
  A quasit (D:10)
  3 hounds
  2 jellies
  26 orc priests
  2 gnoll shamans (D:9)
  21 orc wizards
  4 bullfrog skeletons
  2 iguanas
  14 worker ants
  Terence (D:3)
  2 mummies (Ossuary)
  16 gnolls
  A howler monkey skeleton (D:10)
  15 adders
  3 river rats (Sewer)
  An ooze (D:3)
  3 adder zombies (Ossuary)
  An adder skeleton (D:9)
  5 worms
  2 dart slugs
  7 leopard geckos
  86 orcs
  2 bat zombies (D:7)
  5 giant cockroaches
  7 goblins
  4 hobgoblins
  11 jackals
  41 kobolds
  2 quokkas
  A ball python (D:3)
  20 bats
  4 frilled lizards
  6 goblin zombies
  15 hobgoblin zombies (Ossuary)
  A jackal zombie (Ossuary)
  6 kobold zombies (Ossuary)
  2 orc zombies (Ossuary)
  A quokka zombie (D:10)
  8 rats
  4 rat zombies (D:7)
  2 fungi
713 creatures vanquished.

Vanquished Creatures (collateral kills)
  Kirke (Lair:5)
  Gastronok (D:9)
  A slime creature (D:12)
  A death yak (Lair:4)
  A deep elf mage (Elf:1)
  An elephant (Lair:5)
  A spiny frog (Lair:3)
  A kobold demonologist (D:12)
  Grinder (D:3)
  2 blink frogs
  A dream sheep (Lair:5)
  2 yaks
  A basilisk (Lair:5)
  A human (D:11)
  A water moccasin (Lair:5)
  A porcupine (Lair:5)
  An ice beast (D:6)
  A wolf (Lair:5)
  An ogre (D:6)
  A crocodile (D:11)
  An elf zombie (Ossuary)
  A big kobold (D:12)
  A worker ant (Lair:4)
  A gnoll (D:9)
  5 orcs (Orc:2)
  A hobgoblin zombie (Ossuary)
  A kobold (Sewer)
  A kobold zombie (Ossuary)
  2 orc zombies (Ossuary)
  A bush (Lair:2)
37 creatures vanquished.

Vanquished Creatures (others)
  22 ball lightnings
  A human (D:11)
  A wight (D:6)
  A hound skeleton (D:6)
  A giant cockroach (D:5)
  5 fungi (Lair:6)
  7 plants
38 creatures vanquished.

Grand Total: 788 creatures vanquished

Notes
Turn   | Place    | Note
-------+----------+-------------------------------------------
     0 | D:1      | Kaname the Demonspawn Venom Mage began the quest for the Orb.
     0 | D:1      | Reached XP level 1. HP: 13/13 MP: 3/3
   342 | D:1      | Reached skill level 2 in Conjurations
   366 | D:1      | Gained mutation: You have sharp fingernails. [demonic ancestry]
   366 | D:1      | Reached XP level 2. HP: 19/19 MP: 1/5
   840 | D:2      | Learned a level 2 spell: Poisonous Vapours
   847 | D:2      | Gained mutation: A weak demonic guardian rushes to your aid. [demonic ancestry]
   847 | D:2      | Reached XP level 3. HP: 21/24 MP: 1/6
   862 | D:2      | Learned a level 3 spell: Mephitic Cloud
  1219 | D:2      | Found an iron altar of Okawaru.
  1336 | D:2      | Found a blossoming altar of Fedhas.
  1764 | D:2      | Noticed a phantom
  1932 | D:3      | Reached XP level 4. HP: 30/30 MP: 2/7
  1934 | D:3      | Noticed Terence
  1983 | D:3      | Killed Terence
  2066 | D:3      | Noticed Grinder
  2090 | D:3      | Killed Grinder
  2090 | D:3      | Gained mutation: You are partially covered in sharp spines. [demonic ancestry]
  2090 | D:3      | Reached XP level 5. HP: 29/35 MP: 8/8
  2090 | D:3      | Reached XP level 6. HP: 34/41 MP: 9/9
  2229 | D:3      | Found a bloodstained altar of Trog.
  2780 | D:4      | You fall through a shaft for 2 floors!
  2780 | D:6      | Found a staircase to the Ecumenical Temple.
  2781 | D:6      | Noticed an ice beast
  2786 | D:6      | Reached skill level 1 in Air Magic
  2877 | D:6      | Killed an ice beast
  2877 | D:6      | Gained mutation: Your movements are slightly less encumbered by armour. (ER -2) [demonic ancestry]
  2877 | D:6      | Reached XP level 7. HP: 29/46 MP: 7/10
  2956 | D:6      | Learned a level 4 spell: Olgreb's Toxic Radiance
  3011 | D:5      | Entered Level 5 of the Dungeon
  3015 | D:5      | Reached skill level 3 in Conjurations
  3110 | D:4      | Reached skill level 4 in Conjurations
  3328 | D:4      | Got a slimy falchion
  3454 | D:4      | Found a glowing drain.
  3460 | Sewer    | Entered a sewer
  3464 | Sewer    | Identified the +7 falchion of Distant Worlds {slice, rC+} (You found it on level 4 of the Dungeon)
  3623 | Sewer    | Noticed Banto's ghost (amateur DsSk)
  3641 | Sewer    | Killed Banto's ghost
  3674 | Sewer    | Found a white marble altar of Elyvilon.
  3982 | D:4      | Gained mutation: You are mostly covered in sharp spines. [demonic ancestry]
  3982 | D:4      | Reached XP level 8. HP: 52/52 MP: 6/11
  4219 | D:5      | Reached skill level 5 in Conjurations
  4535 | D:5      | Reached skill level 6 in Conjurations
  4603 | D:6      | Found a radiant altar of Vehumet.
  5174 | D:6      | Became a worshipper of Vehumet
  5332 | D:6      | Learned a level 5 spell: Venom Bolt
  5636 | D:7      | Reached skill level 7 in Conjurations
  5738 | D:7      | Reached * piety under Vehumet
  5738 | D:7      | Offered knowledge of Sandblast by Vehumet.
  5749 | D:7      | Found an ancient bone altar of Kikubaaqudgha.
  5812 | D:7      | Gained mutation: You have very sharp fingernails. [demonic ancestry]
  5812 | D:7      | Reached XP level 9. HP: 47/57 MP: 1/15
  5875 | D:7      | Identified a scroll of acquirement
  5909 | D:7      | Reached skill level 8 in Conjurations
  6076 | D:7      | Found a shadowy altar of Dithmenos.
  6079 | D:7      | Found a hazy altar of Hepliaklqana.
  6104 | D:7      | Reached skill level 1 in Fighting
  6152 | D:7      | Reached skill level 1 in Short Blades
  6194 | D:7      | Found a sand-covered staircase.
  6201 | Ossuary  | Entered an ossuary
  6229 | Ossuary  | Reached ** piety under Vehumet
  6229 | Ossuary  | Offered knowledge of Magic Dart by Vehumet.
  6238 | Ossuary  | Noticed NihilVerum's ghost (novice OgFE)
  6391 | Ossuary  | Offered knowledge of Throw Flame by Vehumet.
  6405 | Ossuary  | Killed NihilVerum's ghost
  6428 | Ossuary  | Reached *** piety under Vehumet
  6505 | D:7      | Found an ornate altar of the Wu Jian Council.
  6552 | D:7      | Found a white marble altar of Elyvilon.
  6714 | D:7      | Found a deep blue altar of Sif Muna.
  6714 | D:7      | Found a shimmering altar of Xom.
  7022 | D:8      | Offered knowledge of Iskenderun's Mystic Blast by Vehumet.
  7028 | D:8      | Learned a level 4 spell: Iskenderun's Mystic Blast
  7093 | D:8      | Found a glowing golden altar of the Shining One.
  7117 | D:8      | Reached skill level 5 in Fighting
  7244 | D:8      | Found a basalt altar of Yredelemnul.
  7464 | D:8      | Found a roughly hewn altar of Beogh.
  7469 | D:8      | Reached **** piety under Vehumet
  7470 | D:8      | Offered knowledge of Irradiate by Vehumet.
  7480 | D:8      | Reached XP level 10. HP: 70/76 MP: 12/16
  8061 | D:8      | Noticed a profane servitor
  8071 | D:8      | Noticed an angel
  8228 | D:9      | Noticed Maurice
  8238 | D:9      | Killed Maurice
  8238 | D:9      | Reached skill level 5 in Spellcasting
  8299 | D:9      | Found a staircase to the Lair.
  8500 | D:9      | Reached ***** piety under Vehumet
  8517 | D:9      | Offered knowledge of Freezing Cloud by Vehumet.
  8541 | D:9      | Found Laitet's Food Shop.
  8668 | D:9      | Noticed a two-headed ogre
  8679 | D:9      | Killed a two-headed ogre
  8679 | D:9      | Reached skill level 5 in Short Blades
  8681 | D:9      | Noticed Gastronok
  8758 | D:9      | Learned a level 6 spell: Freezing Cloud
  9095 | D:9      | Found a staircase to the Lair.
  9109 | D:9      | Found Laitet's Food Shop.
  9488 | D:9      | Killed Gastronok
  9635 | D:10     | Entered Level 10 of the Dungeon
  9711 | D:10     | Noticed a two-headed ogre
  9732 | D:10     | Killed a two-headed ogre
  9732 | D:10     | Reached skill level 1 in Ice Magic
  9732 | D:10     | Gained mutation: You have claws for hands. [demonic ancestry]
  9732 | D:10     | Reached XP level 11. HP: 82/82 MP: 7/23
 10287 | D:10     | Noticed Urug
 11497 | D:11     | Reached skill level 5 in Ice Magic
 11692 | D:11     | Noticed a death yak
 11696 | D:11     | Noticed a death yak
 11698 | D:11     | Noticed a death yak
 11698 | D:11     | Noticed a death yak
 11699 | D:11     | Noticed a death yak
 12019 | D:11     | Reached skill level 5 in Stealth
 12079 | D:11     | Noticed a death yak
 12080 | D:11     | Noticed a death yak
 12081 | D:11     | Noticed a death yak
 12081 | D:11     | Noticed a death yak
 12084 | D:11     | Noticed a death yak
 12121 | D:11     | Offered knowledge of Fulminant Prism by Vehumet.
 12186 | D:11     | Found Toffoj's Book Shop.
 12320 | D:11     | Killed a death yak
 12484 | D:11     | Reached skill level 9 in Conjurations
 12540 | D:11     | Killed a death yak
 12540 | D:11     | Gained mutation: You are completely covered in sharp spines. [demonic ancestry]
 12540 | D:11     | Reached XP level 12. HP: 89/89 MP: 7/24
 12549 | D:11     | Killed a death yak
 12570 | D:11     | Killed a death yak
 12570 | D:11     | Reached skill level 10 in Conjurations
 12660 | D:11     | Killed a death yak
 12672 | D:11     | Killed a death yak
 12804 | D:11     | Killed a death yak
 12899 | D:11     | Killed a death yak
 12939 | D:11     | Killed a death yak
 12949 | D:11     | Killed a death yak
 13071 | D:11     | Found Toffoj's Book Shop.
 13933 | D:12     | Reached skill level 5 in Air Magic
 14234 | D:12     | Found a staircase to the Orcish Mines.
 14234 | D:12     | Found Xukhylup's Weapon Boutique.
 14860 | Lair:1   | Entered Level 1 of the Lair of Beasts
 14865 | Lair:1   | Noticed a four-headed hydra
 15008 | Lair:1   | Killed a four-headed hydra
 15147 | Lair:1   | Reached XP level 13. HP: 79/94 MP: 20/25
 16059 | Lair:2   | Offered knowledge of Lightning Bolt by Vehumet.
 16067 | Lair:2   | Learned a level 5 spell: Lightning Bolt
 16301 | Lair:2   | Found a staircase to the Shoals.
 16630 | Lair:2   | Reached skill level 1 in Shields
 16908 | Lair:3   | Reached skill level 11 in Conjurations
 17629 | Lair:4   | Identified Miyqikhe's Grimoire of Warped Necromancy
 17711 | Lair:4   | Reached skill level 12 in Conjurations
 17881 | Lair:4   | Found a hole to the Spider Nest.
 18491 | Lair:5   | Offered knowledge of Spellforged Servitor by Vehumet.
 18670 | Lair:5   | Reached XP level 14. HP: 77/101 MP: 4/26
 18709 | Lair:5   | Reached ****** piety under Vehumet
 18718 | Lair:5   | Learned a level 7 spell: Spellforged Servitor
 18753 | Lair:5   | Reached skill level 13 in Conjurations
 18888 | Lair:5   | Noticed Kirke
 18985 | Lair:5   | Killed Kirke
 19325 | Lair:6   | Entered Level 6 of the Lair of Beasts
 19413 | Lair:6   | Found a staircase to the Slime Pits.
 19771 | Lair:6   | Found a burning altar of Makhleb.
 19947 | Lair:6   | Offered knowledge of Ozocubu's Refrigeration by Vehumet.
 19947 | Lair:6   | Reached skill level 14 in Conjurations
 20139 | Lair:6   | Reached skill level 1 in Summonings
 20530 | Lair:6   | Found a gateway to Hell.
 20944 | D:11     | Bought a book of the Sky for 1040 gold pieces
 20953 | D:11     | Learned a level 6 spell: Conjure Ball Lightning
 21001 | Orc:1    | Entered Level 1 of the Orcish Mines
 21375 | Orc:2    | Entered Level 2 of the Orcish Mines
 21571 | Orc:2    | Found Tavea's Distillery.
 21716 | Orc:2    | Found Felom's Magic Scroll Emporium.
 21734 | Orc:2    | Offered knowledge of Bolt of Fire by Vehumet.
 21773 | Orc:2    | Bought a potion of berserk rage for 60 gold pieces
 21773 | Orc:2    | Bought a potion of heal wounds for 60 gold pieces
 21773 | Orc:2    | Bought a potion of mutation for 96 gold pieces
 21773 | Orc:2    | Bought a potion of heal wounds for 60 gold pieces
 21953 | Orc:2    | Found a staircase to the Elven Halls.
 22283 | Orc:2    | Reached skill level 5 in Summonings
 22714 | Orc:2    | Found a runed door.
 22942 | Orc:2    | Gained mutation: Your movements are less encumbered by armour. (ER -4) [demonic ancestry]
 22942 | Orc:2    | Reached XP level 15. HP: 105/106 MP: 7/27
 23045 | Orc:2    | Found Dolex's Book Boutique.
 23045 | Orc:2    | Found Lebiff's Antique Weapon Shop.
 23045 | Orc:2    | Found a one-way gate leading to the halls of Pandemonium.
 23057 | Orc:2    | Bought a dazzling rapier for 234 gold pieces
 23057 | Orc:2    | Bought an ivory rapier for 234 gold pieces
 23059 | Orc:2    | Identified the +7 rapier of Yvuabbon {venom, Str+3 Dex+3} (You bought it in a shop on level 2 of the Orcish Mines)
 23060 | Orc:2    | Identified the +3 rapier "Toetid" {pierce, rC+} (You bought it in a shop on level 2 of the Orcish Mines)
 23164 | Orc:2    | Offered knowledge of Poison Arrow by Vehumet.
 23291 | Orc:2    | Found a roughly hewn altar of Beogh.
 23434 | Elf:1    | Entered Level 1 of the Elven Halls
 23572 | Elf:1    | Learned a level 6 spell: Poison Arrow
 23610 | Elf:1    | Noticed Azrael
 23615 | Elf:1    | Killed Azrael
 23704 | Elf:1    | HP: 7/159 [poisoned by a glaive of venom]
 23707 | Elf:1    | HP: 1/159 [poisoned by a glaive of venom]
 23708 | Elf:1    | Succumbed to a glaive of venom's poison

Vault maps used:
D:1:      saegor_arrival_simple_e, minmay_tromino_i4
D:2:      old_standard_altar, okawaru_ov_weapons_minmay
D:3:      nicolae_overflow_crystal_walls, uniq_terence, uniq_grinder
D:4:      first_bread, gup_sewer_entry_bubbles
D:5:      kennysheep_kobold_camp
D:6:      fiery_altar_vehumet, minmay_temple_entry_grid, st_stairs_5
D:7:      kennysheep_mini_moat, gammafunk_temple_overflow_statue,
          nicolae_overflow_hidden_temple, lemuel_zombie_altar_kikubaaqudgha,
          elyvilon_altar_4, enter_ossuary_4
D:8:      grunt_temple_overflow_holy_war, special_room,
          hangedman_pestilent_swarm, serial_bayou_ford_a, minmay_misc_feat_doors
D:9:      dpeg_oklobed_lair, serial_shops, shop_statue, uniq_gastronok,
          uniq_maurice
D:10:     nrook_mini_backslash, evilmike_butchery, uniq_urug
D:11:     slaughterhouse, serial_shops, nicolae_shop_statue_plus, st_stairs_11
D:12:     orc_david_3
Lair:1:   beast_lair_carwin_5, grunt_megastairs_3
Lair:2:   elwin_shoals_entry_stream, minmay_lair_oklob_items, wad_woods_road_03
Lair:4:   cheibrodos_lair_river_kwai, nicolae_spider_entry_non_spiders,
          lemuel_fruit_fields
Lair:5:   uniq_kirke
Lair:6:   evil_forest, minmay_slime_entry_oklob_open, minivault_19, st_stairs_9,
          serial_bayou_shore_b
Orc:2:    pf_orc_diabolical, roderic_batcave, lightli_church_of_beogh
Elf:1:    eino_elf_arrival_sip, serial_shops, shop, minmay_elf_sorcery,
          hex_large, uniq_azrael
Sewer:    sewer_kobolds
Ossuary:  ossuary_tomb_1

Skill      XL: |  1  2  3  4  5  6  7  8  9 10 11 12 13 14 |
---------------+-------------------------------------------+-----
Conjurations   | 2 4 7 8 9 10 12 14 | 14.0
Poison Magic   | 4 6 7 8 |  8.2
Air Magic      | 2 7 8 |  8.0
Spellcasting   | 4 8 |  8.6
Fighting       | 6 |  6.3
Short Blades   | 3 6 9 |  9.7
Stealth        | 2 6 8 9 |  9.2
Ice Magic      | 1 6 |  6.0
Shields        | 4 |  4.0
Summonings     | 7 |  7.4
Dodging        | |  1.7

Action                   |  1- 3 |  4- 6 |  7- 9 | 10-12 | 13-15 || total
-------------------------+-------+-------+-------+-------+-------++-------
Melee: Unarmed           |    21 |    15 |       |       |    13 ||    49
       Dagger            |    30 |       |       |       |       ||    30
       Spear             |    31 |     1 |       |       |       ||    32
       Flail             |       |    23 |    26 |       |       ||    49
       Falchion          |       |       |    91 |       |       ||    91
       Short sword       |       |       |   102 |   319 |   492 ||   913
       Rapier            |       |       |       |       |    28 ||    28
Throw: Throwing net      |       |     1 |       |       |       ||     1
 Cast: Sting             |    39 |       |       |       |       ||    39
       Poisonous Vapours |    19 |    16 |    17 |       |       ||    52
       Olgreb's Toxic Ra |       |       |    19 |    28 |    40 ||    87
       Venom Bolt        |       |       |     4 |    79 |    16 ||    99
       Mephitic Cloud    |       |       |     1 |     2 |       ||     3
       Iskenderun's Myst |       |       |       |    75 |    21 ||    96
       Freezing Cloud    |       |       |       |     1 |    26 ||    27
       Lightning Bolt    |       |       |       |       |   114 ||   114
       Conjure Ball Ligh |       |       |       |       |    11 ||    11
       Poison Arrow      |       |       |       |       |     2 ||     2
Evoke: Wand              |       |       |    43 |    25 |    13 ||    81
  Use: Scroll            |     1 |     5 |    18 |     7 |    12 ||    43
       Potion            |       |     1 |     2 |     2 |     3 ||     8
 Stab: Sleeping          |       |     2 |     4 |     2 |     7 ||    15
       Distracted        |       |     1 |     1 |     7 |     3 ||    12
       Confused          |       |       |     1 |       |       ||     1
  Eat: Chunk             |     5 |     3 |     9 |    34 |    56 ||   107
       Fruit             |       |       |     5 |     3 |     2 ||    10
       Bread ration      |       |       |     2 |     2 |     4 ||     8
       Meat ration       |       |       |       |     2 |     1 ||     3
       Royal jelly       |       |       |       |     1 |       ||     1
Armor: Robe              |    17 |     3 |    47 |     8 |       ||    75
       Skin              |       |     4 |       |       |       ||     4
       Troll leather arm |       |       |       |    76 |    95 ||   171
Dodge: Dodged            |    46 |    16 |   120 |   121 |   180 ||   483
Block: Buckler           |       |     2 |    27 |    32 |    80 ||   141
       Rpst.: Falchion   |       |       |    11 |       |       ||    11

Table legend:
 A = Spawn XP
 B = Non-spawn XP
 C = Spawn XP percentage of total XP
 D = Spawn monster count
 E = Non-spawn monster count
 F = Spawn count percentage of total count
 G = Total turns spent on level
                    A         B        C        D         E        F      G
               +---------+---------+-------+---------+---------+-------+---------
         Total |       0 |  112747 |   0.0 |       0 |     747 |   0.0 | 23708
               +---------+---------+-------+---------+---------+-------+---------
           D:1 |       0 |      29 |   0.0 |       0 |      16 |   0.0 |   836
           D:2 |       0 |     158 |   0.0 |       0 |      22 |   0.0 |  1029
           D:3 |       0 |     344 |   0.0 |       0 |      19 |   0.0 |   902
           D:4 |       0 |     225 |   0.0 |       0 |      16 |   0.0 |   821
           D:5 |       0 |     789 |   0.0 |       0 |      45 |   0.0 |  1121
           D:6 |       0 |     703 |   0.0 |       0 |      16 |   0.0 |   762
           D:7 |       0 |    1040 |   0.0 |       0 |      33 |   0.0 |  1051
           D:8 |       0 |    2214 |   0.0 |       0 |      58 |   0.0 |  1266
           D:9 |       0 |    4838 |   0.0 |       0 |      28 |   0.0 |  1434
          D:10 |       0 |    2791 |   0.0 |       0 |      24 |   0.0 |  1714
          D:11 |       0 |   17454 |   0.0 |       0 |      75 |   0.0 |  2676
          D:12 |       0 |    4709 |   0.0 |       0 |      36 |   0.0 |   853
        Lair:1 |       0 |    3292 |   0.0 |       0 |      17 |   0.0 |   903
        Lair:2 |       0 |    4992 |   0.0 |       0 |      19 |   0.0 |   998
        Lair:3 |       0 |    3655 |   0.0 |       0 |      19 |   0.0 |   732
        Lair:4 |       0 |   10726 |   0.0 |       0 |      37 |   0.0 |  1082
        Lair:5 |       0 |   12361 |   0.0 |       0 |      41 |   0.0 |   805
        Lair:6 |       0 |   13640 |   0.0 |       0 |      39 |   0.0 |  1454
         Orc:1 |       0 |    2027 |   0.0 |       0 |      19 |   0.0 |   374
         Orc:2 |       0 |   19292 |   0.0 |       0 |     105 |   0.0 |  2132
         Elf:1 |       0 |    6535 |   0.0 |       0 |      13 |   0.0 |   201
         Sewer |       0 |     301 |   0.0 |       0 |      10 |   0.0 |   290
       Ossuary |       0 |     632 |   0.0 |       0 |      40 |   0.0 |   272
               +---------+---------+-------+---------+---------+-------+---------
